Map: Lightshade LE

Players

Nina - Winner!

  • Race: Protoss Protoss
  • League: Grandmaster

DisK

  • Race: Protoss Protoss

Event: DreamHack SC2 Masters 2021 Summer

VOD

Have the link to the VOD?

Description

Time

  • Played on: June 4, 2021, 4:45 p.m.
  • Length: 24:56

All games in this series

Show
View Real Time Build Order
Export as new Build Order

Nina Protoss - Winner!

Build Orders: Phoenix Opening 

Get SALT Encoding   

  12  0:00  Probe  
  13  0:12  Probe  
  14  0:17  Pylon  
  14  0:24  Probe (Chrono Boost)  
  15  0:36  Probe (Chrono Boost)  
  15  0:37  Gateway  
  16  0:45  Probe (Chrono Boost)  
  16  0:48  Assimilator  
  17  0:51  Probe  
  17  0:55  Assimilator  
  18  1:03  Probe (Chrono Boost)  
  19  1:14  Probe (Chrono Boost)  
  19  1:15  Gateway  
  20  1:18  Probe (Chrono Boost)  
  21  1:25  Cybernetics Core  
  21  1:29  Probe  
  22  1:38  Pylon  
  22  1:42  Probe  
  23  1:56  Probe  
  24  2:02  Stalker x2, Warp Gate  
  28  2:12  Probe, Pylon  
  29  2:24  Probe  
  30  2:35  Sentry  
  31  2:38  Probe, Sentry  
  34  2:46  Pylon  
  34  2:50  Probe, Shield Battery  
  35  3:02  Probe  
  36  3:07  Nexus  
  36  3:10  Phoenix  
  36  3:15  Stalker  
  36  3:16  Sentry  
  36  3:19  Probe  
  41  3:31  Robotics Facility  
  41  3:32  Probe  
  42  3:44  Probe  
  43  3:53  Stalker  
  45  3:56  Probe, Twilight Council  
  46  4:06  Pylon  
  46  4:08  Probe  
  47  4:16  Warp Prism (Chrono Boost)  
  47  4:20  Probe  
  47  4:21  Probe  
  51  4:26  Stalker  
  53  4:32  Probe  
  53  4:33  Probe, Blink (Chrono Boost)  
  55  4:40  Stalker  
  55  4:45  Probe  
  58  4:47  Probe  
  58  4:52  Assimilator  
  59  4:57  Probe, Phoenix  
  59  4:58  Observer (Chrono Boost), Forge  
  59  4:59  Probe  
  62  5:05  Pylon  
  62  5:07  Stalker  
  62  5:09  Probe  
  62  5:11  Stalker  
  62  5:13  Probe  
  69  5:21  Probe  
  69  5:22  Protoss Ground Weapons Level 1  
  69  5:25  Probe  
  70  5:38  Immortal (Chrono Boost)  
  70  5:40  Nexus  
  75  5:53  Gateway, Pylon  
  74  6:00  Gateway  
  74  6:03  Gateway  
  74  6:04  Gateway  
  74  6:07  Gateway  
  74  6:15  Stalker x2  
  78  6:21  Pylon  
  78  6:25  Observer (Chrono Boost), Photon Cannon  
  79  6:38  Pylon  
  79  6:41  Stalker x2  
  83  6:52  Probe  
  83  6:53  Probe x2  
  86  6:55  Stalker  
  86  6:56  Stalker  
  86  7:00  Stalker x2  
  94  7:02  Stalker  
  94  7:04  Stalker  
  98  7:09  Probe x2  
  98  7:11  Probe  
  99  7:27  Stalker x4  
  99  7:28  Stalker  
  95  7:48  Stalker x2  
  95  7:49  Probe  
  90  7:58  Probe, Immortal  
  90  7:59  Probe  
  90  8:01  Probe  
  90  8:04  Shield Battery  
  91  8:05  Stalker x3  
  91  8:10  Probe  
  91  8:11  Probe, Assimilator  
  99  8:15  Stalker  
  99  8:17  Zealot  
  99  8:18  Zealot x2  
  99  8:19  Probe  
  108  8:26  Probe  
  107  8:30  Probe  
  107  8:33  Probe  
  108  8:36  Stalker x2  
  108  8:41  Stalker  
  114  8:49  Dark Shrine  
  114  8:51  Assimilator  
  114  8:52  Photon Cannon  
  114  8:53  Pylon  
  114  8:56  Observer  
  114  9:00  Protoss Ground Weapons Level 2 (Chrono Boost)  
  114  9:07  Assimilator  
  114  9:13  Gateway  
  114  9:14  Pylon  
  114  9:15  Sentry  
  116  9:19  Probe  
  116  9:20  Probe  
  116  9:23  Photon Cannon  
  118  9:28  Observer  
  119  9:32  Pylon, Robotics Bay  
  119  9:33  Robotics Facility  
  118  9:45  Nexus  
  118  9:47  Pylon  
  118  10:02  Pylon  
  118  10:04  Dark Templar x4  
  118  10:06  Zealot  
  128  10:11  Dark Templar  
  130  10:19  Probe  
  130  10:21  Probe  
  132  10:22  Disruptor  
  135  10:31  Robotics Facility  
  135  10:34  Stalker x3  
  133  10:40  Zealot x4  
  139  10:54  Photon Cannon, Stalker  
  141  10:59  Pylon  
  141  11:00  Stalker x3  
  141  11:02  Pylon  
  150  11:05  Disruptor (Chrono Boost)  
  150  11:15  Disruptor (Chrono Boost)  
  150  11:16  Zealot x4  
  150  11:17  Disruptor (Chrono Boost)  
  160  11:25  Dark Templar  
  165  11:31  Zealot x3  
  171  11:37  Probe  
  171  11:38  Probe x2, Pylon  
  174  11:40  Probe  
  171  11:50  Stalker x3  
  162  11:56  Zealot x2  
  162  12:01  Dark Templar  
  144  12:03  Dark Templar  
  135  12:12  Disruptor (Chrono Boost)  
  135  12:14  Disruptor x2 (Chrono Boost)  
  138  12:19  Probe x2  
  146  12:26  Photon Cannon  
  146  12:33  Zealot x4  
  151  12:45  Disruptor  
  151  12:46  Disruptor  
  149  12:53  Pylon  
  149  12:55  Pylon  
  147  13:07  Pylon x2  
  147  13:08  Observer  
  147  13:12  Nexus  
  147  13:13  Disruptor, Pylon  
  147  13:15  Dark Templar  
  147  13:18  Archon  
  152  13:20  Archon  
  152  13:22  Observer  
  152  13:24  Photon Cannon  
  152  13:26  Disruptor  
  156  13:32  Observer  
  156  13:38  Photon Cannon  
  156  13:40  Pylon  
  156  13:42  Disruptor  
  157  13:48  Disruptor  
  157  13:49  Stalker  
  157  13:54  Stalker  
  164  13:56  Stalker  
  164  14:02  Observer  
  166  14:05  Disruptor  
  166  14:07  Probe  
  169  14:18  Disruptor  
  169  14:22  Probe  
  169  14:23  Photon Cannon  
  173  14:28  Photon Cannon  
  173  14:30  Probe x3  
  176  14:36  Photon Cannon, Disruptor  
  166  15:02  Disruptor  
  165  15:13  Stalker x6  
  177  15:15  Disruptor  
  177  15:22  Probe x2  
  177  15:23  Probe  
  177  15:24  Assimilator  
  177  15:27  Assimilator  
  180  15:31  Probe  
  181  15:41  Disruptor  
  181  15:42  Stalker x2  
  181  15:43  Stalker x3  
  189  16:03  Disruptor  
  181  16:08  Stalker x4  
  184  16:19  Stalker  
  184  16:20  Stalker x2  
  190  16:28  Observer x2  
  190  16:39  Disruptor  
  187  16:48  Disruptor  
  179  16:55  Disruptor  
  156  17:14  Disruptor  
  151  17:24  Disruptor, Stalker x2  
  151  17:25  Zealot x6  
  164  17:30  Assimilator  
  164  17:31  Disruptor  
  164  17:35  Nexus  
  147  17:44  Pylon  
  147  17:50  Disruptor  
  150  17:54  Dark Templar x3  
  152  17:58  Pylon  
  152  18:00  Disruptor  
  152  18:06  Observer  
  152  18:08  Stalker x2  
  156  18:14  Charge  
  153  18:30  Dark Templar x3  
  159  18:59  Disruptor  
  162  19:05  Pylon  
  162  19:07  Pylon  
  162  19:08  Photon Cannon  
  162  19:10  Photon Cannon, Stalker x4  
  166  19:19  Shadow Stride  
  158  19:43  Photon Cannon  
  158  19:45  Photon Cannon  
  158  19:47  Dark Templar x4  
  158  19:48  Zealot x4  
  158  19:51  Photon Cannon  
  158  19:52  Disruptor  
  172  20:02  Disruptor  
  172  20:16  Zealot x4  
  172  20:18  Disruptor  
  100  20:35  Observer  
  100  20:36  Stalker x4  
  100  20:37  Probe x2  
  110  20:44  Stalker x2  
  114  20:50  Disruptor  
  114  20:55  Assimilator  
  114  20:56  Assimilator  
  116  21:11  Stalker x3  
  116  21:12  Stalker x2  
  116  21:17  Pylon  
  126  21:19  Observer  
  126  21:24  Probe x4  
  131  21:36  Probe x3, Dark Templar x2  
  111  21:52  Dark Templar x2  
  112  21:55  Probe  
  112  21:56  Probe  
  112  22:00  Probe  
  116  22:01  Probe  
  116  22:06  Photon Cannon  
  116  22:12  Photon Cannon  
  106  22:22  Disruptor  
  106  22:24  Disruptor  
  106  22:28  Disruptor  
  112  22:53  Zealot x2  
  102  23:18  Stalker x2  
  102  23:19  Zealot x3  
  109  23:24  Zealot  
  105  23:31  Gateway  
  105  23:33  Gateway  
  105  23:34  Gateway  
  105  23:35  Gateway  
  105  23:42  Zealot x2  
  109  23:50  Zealot  
  109  23:51  Zealot  
  113  23:58  Zealot  
  77  24:29  Zealot x5  
  87  24:38  Templar Archives  
Show
View Real Time Build Order
Export as new Build Order

DisK Protoss 

Build Orders: Phoenix Opening, Blink Stalkers 

Get SALT Encoding   

  12  0:00  Probe  
  13  0:12  Probe  
  14  0:17  Pylon  
  14  0:24  Probe (Chrono Boost)  
  15  0:35  Gateway  
  15  0:37  Probe (Chrono Boost)  
  16  0:45  Probe (Chrono Boost)  
  16  0:46  Assimilator  
  17  0:51  Probe (Chrono Boost)  
  17  0:54  Assimilator  
  18  1:03  Probe (Chrono Boost)  
  19  1:08  Gateway  
  19  1:12  Probe (Chrono Boost)  
  20  1:19  Probe  
  20  1:24  Cybernetics Core  
  21  1:31  Probe  
  22  1:37  Pylon  
  22  1:43  Probe  
  23  1:55  Probe  
  23  2:01  Stalker x2, Warp Gate (Chrono Boost)  
  28  2:08  Probe  
  28  2:14  Pylon  
  29  2:20  Probe  
  30  2:24  Shield Battery  
  30  2:33  Sentry  
  32  2:38  Sentry  
  34  2:48  Nexus  
  34  2:51  Probe  
  34  2:58  Pylon  
  34  3:06  Phoenix, Sentry  
  34  3:07  Probe  
  34  3:11  Shield Battery  
  37  3:17  Twilight Council  
  37  3:27  Probe  
  38  3:36  Forge  
  38  3:39  Probe  
  39  3:51  Probe (Chrono Boost)  
  39  3:53  Blink (Chrono Boost)  
  40  4:00  Probe (Chrono Boost)  
  41  4:03  Probe (Chrono Boost)  
  41  4:08  Stalker x2  
  47  4:10  Probe (Chrono Boost)  
  47  4:11  Probe (Chrono Boost)  
  47  4:16  Probe  
  49  4:24  Gateway  
  49  4:26  Probe  
  49  4:28  Probe  
  49  4:29  Robotics Facility  
  51  4:37  Assimilator, Stalker  
  51  4:38  Probe  
  54  4:39  Stalker  
  56  4:48  Probe  
  56  4:50  Probe  
  58  4:56  Shield Battery  
  58  4:59  Shield Battery  
  58  5:00  Stalker  
  58  5:02  Stalker  
  62  5:07  Pylon  
  62  5:15  Phoenix  
  62  5:22  Pylon  
  62  5:25  Immortal  
  62  5:27  Stalker  
  62  5:28  Stalker  
  70  5:30  Gateway  
  70  5:31  Phoenix  
  70  5:38  Protoss Ground Weapons Level 1 (Chrono Boost), Pylon  
  70  5:42  Probe x2  
  72  5:49  Gateway  
  72  5:54  Probe  
  73  6:03  Nexus  
  73  6:05  Pylon  
  73  6:08  Observer  
  73  6:10  Probe x2  
  76  6:24  Pylon  
  76  6:26  Stalker x3  
  82  6:36  Gateway x2  
  82  6:39  Probe  
  84  6:40  Probe  
  84  6:48  Shield Battery  
  84  6:51  Charge  
  84  6:55  Stalker x2  
  84  7:00  Shield Battery  
  88  7:01  Stalker  
  88  7:03  Stalker  
  92  7:10  Shield Battery  
  92  7:11  Shield Battery  
  87  7:26  Stalker x4  
  95  7:34  Stalker x2  
  85  7:49  Stalker x4  
  83  7:56  Probe (Chrono Boost)  
  83  7:58  Observer, Probe x2 (Chrono Boost)  
  85  8:04  Protoss Ground Weapons Level 2 (Chrono Boost)  
  87  8:08  Probe x2 (Chrono Boost)  
  87  8:09  Probe (Chrono Boost)  
  90  8:13  Probe x2 (Chrono Boost)  
  90  8:18  Probe  
  93  8:25  Probe x2  
  95  8:30  Probe  
  96  8:34  Zealot x3  
  96  8:35  Assimilator  
  96  8:36  Assimilator  
  96  8:37  Probe x2  
  96  8:39  Observer  
  105  8:42  Probe  
  106  8:49  Probe x2  
  106  8:50  Gateway  
  106  8:51  Gateway  
  108  8:57  Gateway  
  108  8:58  Gateway  
  108  9:01  Zealot x4  
  116  9:06  Pylon  
  116  9:07  Pylon  
  116  9:27  Templar Archives  
  116  9:28  Warp Prism, Zealot x6  
  128  9:32  Observer  
  128  9:33  Pylon  
  128  9:34  Pylon  
  128  9:37  Assimilator  
  128  9:38  Observer  
  128  9:43  Pylon  
  130  9:49  Zealot  
  132  9:54  Stalker x3  
  132  9:55  Stalker  
  140  10:06  High Templar x3  
  146  10:07  High Templar  
  146  10:10  Pylon  
  146  10:11  Archon x2  
  146  10:12  Zealot x2  
  151  10:22  Observer  
  151  10:25  Stalker x3  
  157  10:39  Zealot x5  
  163  10:48  Probe  
  162  11:00  Zealot x2  
  164  11:04  Pylon  
  164  11:07  Pylon  
  162  11:15  Pylon  
  162  11:23  High Templar x3  
  162  11:25  High Templar x3  
  174  11:26  Zealot x3  
  174  11:30  Archon x2  
  174  11:31  Archon  
  176  11:53  Zealot x4  
  164  11:56  Zealot x3  
  164  12:01  Observer (Chrono Boost)  
  138  12:14  Stalker x3  
  138  12:15  Stalker x4  
  144  12:16  Stalker x2  
  144  12:17  Stalker  
  150  12:24  Observer (Chrono Boost)  
  150  12:27  Nexus  
  151  12:33  Robotics Bay  
  143  12:49  Zealot x10  
  163  12:56  Photon Cannon  
  163  12:58  Photon Cannon  
  163  13:03  Observer (Chrono Boost)  
  163  13:04  Pylon  
  164  13:18  Photon Cannon  
  164  13:20  High Templar x4, Disruptor (Chrono Boost)  
  164  13:21  High Templar x2  
  164  13:26  Archon x3  
  179  13:30  Shield Battery  
  179  13:35  Stalker x2  
  179  13:36  Stalker  
  179  13:40  Pylon  
  179  13:41  Robotics Facility  
  185  13:55  Zealot x3  
  191  14:04  Disruptor  
  191  14:27  Dark Shrine  
  191  14:28  Zealot x4  
  191  14:32  Disruptor  
  176  15:03  Stalker x10  
  166  15:19  Assimilator  
  154  15:21  Assimilator  
  154  15:23  Photon Cannon, Disruptor x2  
  154  15:27  Pylon  
  160  15:39  Stalker x8  
  160  15:40  Stalker  
  176  15:44  Protoss Ground Weapons Level 3  
  172  16:01  Disruptor x2  
  166  16:19  Zealot x7  
  180  16:37  Disruptor  
  180  16:39  Dark Templar x4  
  159  17:09  Zealot x6  
  159  17:13  Zealot x2  
  159  17:14  Zealot x2  
  177  17:22  Disruptor x2  
  167  17:38  Zealot x2  
  167  17:39  Zealot x3  
  177  17:58  Disruptor x2  
  179  18:14  Dark Templar x3  
  185  18:30  Zealot x7  
  178  18:56  Disruptor x2  
  178  19:02  Shadow Stride (Chrono Boost)  
  179  19:08  Pylon  
  173  19:34  Stalker  
  173  19:35  Stalker x9  
  163  20:11  Zealot x10  
  146  20:28  Disruptor x2  
  128  20:31  Nexus  
  109  20:39  Stalker x8  
  109  20:40  Stalker  
  125  20:57  Dark Templar  
  125  21:02  Dark Templar x3  
  125  21:03  Dark Templar  
  135  21:12  Stalker x2  
  135  21:13  Stalker  
  135  21:16  Observer (Chrono Boost)  
  135  21:17  Disruptor (Chrono Boost)  
  131  21:53  Stalker x7  
  137  22:00  Disruptor  
  132  22:03  Probe x3  
  135  22:18  Disruptor  
  132  22:24  Dark Templar x2  
  127  22:32  Dark Templar  
  127  22:33  Dark Templar  
  127  22:36  Disruptor  
  134  22:48  Dark Templar x2  
  93  23:15  Zealot, Dark Templar  
Tags
 
Add a new tag
Caveats
  • Supply blocks, unpowered buildings, or Contaminate may cause inaccurate times.
  • Supply counts are checked every 10 seconds.